3L
CHICAGO HAWKS @ DETROIT RENAISSANCE
09/03/2030
 
TOP OF THE 1ST
Chicago Hawks batting - Pitching for Detroit Renaissance : RHP Maru Pao Pao
Pitching: RHP Maru Pao Pao
Batting: LHB Jeff Simpson 0-0: Ball
1-0: TRIPLE (Line Drive, 78XD)
Batting: LHB Curt Wilson 0-0: Foul Ball, location: 2F
0-1: Ball
1-1: Ball
2-1: Ball
3-1: Foul Ball, location: 2F
3-2: Ground out 4-3 (Groundball, 4)
Jeff Simpson scores
Batting: RHB Paddy Hodnett 0-0: Swinging Strike
0-1: Swinging Strike
0-2: Ball
1-2: Ball
2-2: Ground out 5-3 (Groundball, 56)
Batting: LHB Scott Janousek 0-0: Called Strike
0-1: Foul Ball, location: 2F
0-2: Ball
1-2: Ball
2-2: Ball
3-2: Base on Balls
Batting: RHB Jack Head 0-0: Ball
1-0: Ball
2-0: Foul Ball, location: 2F
2-1: Fly out, F6 (Line Drive, 6)
Top of the 1st over - 1 run, 1 hit, 0 errors, 1 left on base; Chicago 1 - Detroit 0
BOTTOM OF THE 1ST
Detroit Renaissance batting - Pitching for Chicago Hawks : RHP Michael Machen
Pitching: RHP Michael Machen
Batting: RHB Steve Irwin 0-0: Foul Ball, location: 2F
0-1: Ball
1-1: Foul Ball, location: 2F
1-2: Ball
2-2: Fly out, F9 (Flyball, 9LMF)
Batting: RHB Won-min Yi 0-0: Foul Ball, location: 2F
0-1: Ball
1-1: Ball
2-1: Swinging Strike
2-2: Strikes out swinging
Batting: RHB Eric D'Angle 0-0: Swinging Strike
0-1: Called Strike
0-2: Ball
1-2: Ball
2-2: Foul Ball, location: 2F
2-2: SOLO HOME RUN (Flyball, 7LD), Distance : 340 ft
Batting: RHB Quincy van Enk 0-0: Ball
1-0: SINGLE (Groundball, 6D)
Batting: LHB Lance Antle 0-0: Called Strike
0-1: Called Strike
0-2: Ball
1-2: Fielders Choice at 2nd, 6-4 (Groundball, 6)
Bottom of the 1st over - 1 run, 2 hits, 0 errors, 1 left on base; Chicago 1 - Detroit 1
TOP OF THE 2ND
Chicago Hawks batting - Pitching for Detroit Renaissance : RHP Maru Pao Pao
Batting: RHB Reg Spiers 0-0: Ball
1-0: Fly out, F9 (Flyball, 89M)
Batting: RHB Tevin McTevin 0-0: Foul Ball, location: 2F
0-1: Swinging Strike
0-2: Strikes out swinging
Batting: RHB Lorenzo Ramírez 0-0: Fly out, F8 (Flyball, 89M)
Top of the 2nd over - 0 runs, 0 hits, 0 errors, 0 left on base; Chicago 1 - Detroit 1
BOTTOM OF THE 2ND
Detroit Renaissance batting - Pitching for Chicago Hawks : RHP Michael Machen
Batting: LHB Elian Gonzalez 0-0: Ball
1-0: Foul Ball, location: 2F
1-1: Foul Ball, location: 2F
1-2: Fly out, F9 (Flyball, 9D)
Batting: LHB Alexis Raimbault 0-0: Swinging Strike
0-1: Ball
1-1: Swinging Strike
1-2: Foul Ball, location: 2F
1-2: Fly out, F4 (Line Drive, 4M)
Batting: LHB Eric Thackston 0-0: Foul Ball, location: 2F
0-1: Ground out U3 (Groundball, 34S)
Bottom of the 2nd over - 0 runs, 0 hits, 0 errors, 0 left on base; Chicago 1 - Detroit 1
TOP OF THE 3RD
Chicago Hawks batting - Pitching for Detroit Renaissance : RHP Maru Pao Pao
Batting: RHB Vincente Rotham 0-0: Swinging Strike
0-1: Swinging Strike
0-2: Strikes out looking
Batting: LHB Jeff Simpson 0-0: Called Strike
0-1: Foul Ball, location: 2F
0-2: Ground out 4-3 (Groundball, 4)
Batting: LHB Curt Wilson 0-0: Ball
1-0: Ball
2-0: Called Strike
2-1: Foul Ball, location: 2F
2-2: Foul Ball, location: 2F
2-2: Ball
3-2: Base on Balls
Batting: RHB Paddy Hodnett 0-0: Called Strike
0-1: Ball
1-1: Fly out, F9 (Flyball, 89M)
Top of the 3rd over - 0 runs, 0 hits, 0 errors, 1 left on base; Chicago 1 - Detroit 1
BOTTOM OF THE 3RD
Detroit Renaissance batting - Pitching for Chicago Hawks : RHP Michael Machen
Batting: RHB Sixto Estrada 0-0: Ball
1-0: Ball
2-0: Ground out 5-3 (Groundball, 5L)
Batting: RHB Steve Irwin 0-0: Ball
1-0: Called Strike
1-1: Ball
2-1: Ball
3-1: Foul Ball, location: 2F
3-2: Foul Ball, location: 2F
3-2: Strikes out swinging
Batting: RHB Won-min Yi 0-0: Swinging Strike
0-1: Ball
1-1: Fly out, F9 (Line Drive, 89S)
Bottom of the 3rd over - 0 runs, 0 hits, 0 errors, 0 left on base; Chicago 1 - Detroit 1
TOP OF THE 4TH
Chicago Hawks batting - Pitching for Detroit Renaissance : RHP Maru Pao Pao
Batting: LHB Scott Janousek 0-0: Ball
1-0: Foul Ball, location: 2F
1-1: Ball
2-1: Fly out, F8 (Flyball, 8LD)
Batting: RHB Jack Head 0-0: Ball
1-0: Foul Ball, location: 2F
1-1: Foul Ball, location: 2F
1-2: Ball
2-2: Ball
3-2: Ground out 6-3 (Groundball, 6)
Batting: RHB Reg Spiers 0-0: Ball
1-0: Ball
2-0: SINGLE (Flyball, 9LM)
Batting: RHB Tevin McTevin 0-0: Ball
1-0: Foul Ball, location: 2F
1-1: Foul Ball, location: 2F
1-2: Ball
2-2: Foul Ball, location: 2F
2-2: Ball
3-2: Foul Ball, location: 2F
3-2: Strikes out looking
Top of the 4th over - 0 runs, 1 hit, 0 errors, 1 left on base; Chicago 1 - Detroit 1
BOTTOM OF THE 4TH
Detroit Renaissance batting - Pitching for Chicago Hawks : RHP Michael Machen
Batting: RHB Eric D'Angle 0-0: Called Strike
0-1: Ground out 4-3 (Groundball, 4)
Batting: RHB Quincy van Enk 0-0: Ball
1-0: Foul Ball, location: 2F
1-1: Ground out U3 (Groundball, 3)
Batting: LHB Lance Antle 0-0: Called Strike
0-1: Ground out 6-3 (Groundball, 6)
Bottom of the 4th over - 0 runs, 0 hits, 0 errors, 0 left on base; Chicago 1 - Detroit 1
TOP OF THE 5TH
Chicago Hawks batting - Pitching for Detroit Renaissance : RHP Maru Pao Pao
Batting: RHB Lorenzo Ramírez 0-0: Called Strike
0-1: Ball
1-1: SINGLE (Groundball, 6MD)
Batting: RHB Vincente Rotham 0-0: Bunted foul
0-1: Sac Bunt - play at first, batter OUT! 1-4
Lorenzo Ramírez to second
Batting: LHB Jeff Simpson 0-0: Ball
1-0: Foul Ball, location: 2F
1-1: Ball
2-1: Foul Ball, location: 2F
2-2: Strikes out swinging
Batting: LHB Curt Wilson 0-0: Called Strike
0-1: Foul Ball, location: 2F
0-2: Ball
1-2: Ball
2-2: Strikes out swinging
Top of the 5th over - 0 runs, 1 hit, 0 errors, 1 left on base; Chicago 1 - Detroit 1
BOTTOM OF THE 5TH
Detroit Renaissance batting - Pitching for Chicago Hawks : RHP Michael Machen
Batting: LHB Elian Gonzalez 0-0: Ball
1-0: Fly out, F8 (Flyball, 8RS)
Batting: LHB Alexis Raimbault 0-0: Foul Ball, location: 2F
0-1: Swinging Strike
0-2: Ball
1-2: Strikes out swinging, 2-3 out at first.
Batting: LHB Eric Thackston 0-0: Foul Ball, location: 2F
0-1: Ball
1-1: Called Strike
1-2: Strikes out swinging
Bottom of the 5th over - 0 runs, 0 hits, 0 errors, 0 left on base; Chicago 1 - Detroit 1
TOP OF THE 6TH
Chicago Hawks batting - Pitching for Detroit Renaissance : RHP Maru Pao Pao
Batting: RHB Paddy Hodnett 0-0: Called Strike
0-1: Fly out, F6 (Popup, 15S)
Batting: LHB Scott Janousek 0-0: Ball
1-0: Ball
2-0: Foul Ball, location: 2F
2-1: Ball
3-1: Foul Ball, location: 2F
3-2: Strikes out swinging
Batting: RHB Jack Head 0-0: Called Strike
0-1: Ball
1-1: Fly out, F4 (Line Drive, 4)
Top of the 6th over - 0 runs, 0 hits, 0 errors, 0 left on base; Chicago 1 - Detroit 1
BOTTOM OF THE 6TH
Detroit Renaissance batting - Pitching for Chicago Hawks : RHP Michael Machen
Batting: RHB Sixto Estrada 0-0: Called Strike
0-1: SINGLE (Groundball, 25) (infield hit)
Batting: RHB Steve Irwin 0-0: Called Strike
0-1: Ball
1-1: Called Strike
1-2: Fly out, F7 (Line Drive, 7)
Batting: RHB Won-min Yi 0-0: Ball
1-0: Ball
Sixto Estrada steals 2nd base
2-0: Ground out 5-3 (Groundball, 56)
Batting: RHB Eric D'Angle 0-0: Ball
1-0: Called Strike
1-1: Foul Ball, location: 2F
1-2: Foul Ball, location: 2F
1-2: Fly out, F9 (Line Drive, 9LM)
Bottom of the 6th over - 0 runs, 1 hit, 0 errors, 1 left on base; Chicago 1 - Detroit 1
TOP OF THE 7TH
Chicago Hawks batting - Pitching for Detroit Renaissance : RHP Maru Pao Pao
Batting: RHB Reg Spiers 0-0: Ball
1-0: Ball
2-0: Foul Ball, location: 2F
2-1: Ground out 5-3 (Groundball, 56S)
Batting: RHB Tevin McTevin 0-0: Called Strike
0-1: Ball
1-1: Called Strike
1-2: Foul Ball, location: 2F
1-2: SINGLE (Groundball, 34D)
Batting: RHB Lorenzo Ramírez 0-0: Foul Ball, location: 2F
0-1: Called Strike
0-2: Ball
1-2: Grounds into double play, 6-4-3 (Groundball, 6)
Top of the 7th over - 0 runs, 1 hit, 0 errors, 0 left on base; Chicago 1 - Detroit 1
BOTTOM OF THE 7TH
Detroit Renaissance batting - Pitching for Chicago Hawks : RHP Michael Machen
Batting: RHB Quincy van Enk 0-0: SINGLE (Flyball, 89S)
Batting: LHB Lance Antle 0-0: Ball
1-0: Foul Ball, location: 2F
1-1: SINGLE (Groundball, 6MD)
Quincy van Enk to second
Pinch Hitting: SHB Shiki Sanu 0-0: Foul Ball, location: 2F
0-1: Foul Ball, location: 2F
0-2: Foul Ball, location: 2F
0-2: Ball
1-2: Ball
2-2: Ball
3-2: Strikes out swinging
Batting: LHB Alexis Raimbault 0-0: Called Strike
0-1: Ball
1-1: Ball
2-1: Ball
3-1: Called Strike
3-2: Fly out, F9 (Flyball, 9LSF)
Pitching: LHP Travis Grant
Pinch Hitting: RHB Roberto Hernández 0-0: Ball
1-0: Fly out, F3 (Line Drive, 3L)
Bottom of the 7th over - 0 runs, 2 hits, 0 errors, 2 left on base; Chicago 1 - Detroit 1
TOP OF THE 8TH
Chicago Hawks batting - Pitching for Detroit Renaissance : RHP Maru Pao Pao
Now at 1B: Roberto Hernández
Now at 3B: Shiki Sanu
Pinch Hitting: LHB Raúl Aguirre 0-0: Foul Ball, location: 2F
0-1: Ball
1-1: Ball
2-1: Ground out 4-3 (Groundball, 34)
Batting: LHB Jeff Simpson 0-0: Foul Ball, location: 2F
0-1: SINGLE (Line Drive, 9LS)
Pitching: RHP Jimmy O'Flahavan
Batting: LHB Curt Wilson 0-0: Ground out 3-1 (Groundball, 34S)
Jeff Simpson to second
Batting: RHB Paddy Hodnett 0-0: Ground out 5-3 (Groundball, 56S)
Top of the 8th over - 0 runs, 1 hit, 0 errors, 1 left on base; Chicago 1 - Detroit 1
BOTTOM OF THE 8TH
Detroit Renaissance batting - Pitching for Chicago Hawks : LHP Travis Grant
Now at 1B: Raúl Aguirre
Batting: RHB Sixto Estrada 0-0: Foul Ball, location: 2F
0-1: Ball
1-1: Swinging Strike
1-2: Ball
2-2: Foul Ball, location: 2F
2-2: Strikes out swinging
Batting: RHB Steve Irwin 0-0: Ball
1-0: Ball
2-0: SINGLE (Line Drive, 4M)
Pinch Runner at 1st Takashi Miike:
Batting: RHB Won-min Yi 0-0: Foul Ball, location: 2F
0-1: Grounds into double play, 4-6-3 (Groundball, 4)
Bottom of the 8th over - 0 runs, 1 hit, 0 errors, 0 left on base; Chicago 1 - Detroit 1
TOP OF THE 9TH
Chicago Hawks batting - Pitching for Detroit Renaissance : RHP Jimmy O'Flahavan
Now at SS: Takashi Miike
Batting: LHB Scott Janousek 0-0: Called Strike
0-1: SINGLE (Groundball, 6D)
Batting: RHB Jack Head 0-0: Ball
1-0: Ball
2-0: Ball
3-0: Fly out, F3 (Popup, 34S)
Batting: RHB Reg Spiers 0-0: Called Strike
0-1: Swinging Strike
0-2: Ball
1-2: Foul Ball, location: 2F
1-2: Foul Ball, location: 2F
1-2: Ball
2-2: Grounds into double play, 6-4-3 (Groundball, 6)
Top of the 9th over - 0 runs, 1 hit, 0 errors, 0 left on base; Chicago 1 - Detroit 1
BOTTOM OF THE 9TH
Detroit Renaissance batting - Pitching for Chicago Hawks : LHP Travis Grant
Batting: RHB Eric D'Angle 0-0: Ball
1-0: Ground out 5-3 (Groundball, 56)
Batting: RHB Quincy van Enk 0-0: Ball
1-0: Ball
2-0: Ball
3-0: Base on Balls
Batting: LHB Lance Antle 0-0: SINGLE (Groundball, 34) (infield hit)
Quincy van Enk to second
Batting: SHB Shiki Sanu 0-0: Fly out, F8 (Flyball, 8LS)
Batting: LHB Alexis Raimbault 0-0: Ball
1-0: Ball
2-0: Ball
3-0: Base on Balls
Quincy van Enk to third
Lance Antle to second
Batting: RHB Roberto Hernández 0-0: Ball
1-0: Ball
2-0: Foul Ball, location: 2F
2-1: SINGLE (Groundball, 6MD)
Quincy van Enk scores
Sunday, March 18th, 2018 - OOTP Baseball 18.8 Build 76